Workbook
Name ____INF1: #REF!
Name ____INF1: #REF!
Name ____INF2: #REF!
Name ____INF2: #REF!
Name ___INF1: #REF!
Name ___INF1: #REF!
Name ___INF2: #REF!
Name ___INF2: #REF!
Name __INF1: #REF!
Name __INF1: #REF!
Name __INF2: #REF!
Name __INF2: #REF!
Name _bar1: #REF!
Name _bar1: #REF!
Name _boh1: #REF!
Name _boh1: #REF!
Name _foh1: #REF!
Name _foh1: #REF!
Name _INF1: #REF!
Name _INF1: #REF!
Name _INF2: #REF!
Name _INF2: #REF!
Name Accept: [0]!Accept
Name Access: '[1]KING INPUT SHEET'!$D$28
Name ADDRESS1: #REF!
Name ADDRESS1: #REF!
Name ADDRESS2: #REF!
Name ADDRESS2: #REF!
Name admin1: #REF!
Name admin1: #REF!
Name Area: [2]Indices!$D$2:$F$81
Name BASE_DATE: '[3]Master Data Sheet'!$D$41
Name Base_Date: '[4]PROJECT INPUTS'!$E$9
Name bathrooms1: #REF!
Name bathrooms1: #REF!
Name BCIS_Location: [5]Library!$H$15:$I$94
Name BCIS_TPI: [5]Library!$K$15:$L$44
Name bedroomcorridors1: #REF!
Name bedroomcorridors1: #REF!
Name bedrooms1: #REF!
Name bedrooms1: #REF!
Name Beds: [6]DATA!$F$13
Name BlockABath: '[7]Block A - Data'!$H$54
Name BlockAens: '[7]Block A - Data'!$H$55
Name BlockAGIA: '[7]Block A - Data'!$E$31
Name BlockANIA: '[7]Block A - Data'!$G$31
Name BlockAUnits: '[7]Block A - Data'!$H$49
Name BlockBbath: '[7]Block B - Data'!$H$56
Name BlockBens: '[7]Block B - Data'!$H$57
Name BlockBGIA: '[7]Block B - Data'!$E$31
Name BlockBNIA: '[7]Block B - Data'!$G$31
Name BlockBUnits: '[7]Block B - Data'!$H$51
Name BlockCBath: '[7]Block C - Data'!$H$55
Name BlockCEns: '[7]Block C - Data'!$H$56
Name BlockCGIA: '[7]Block C - Data'!$E$31
Name BlockCNIA: '[7]Block C - Data'!$G$31
Name BlockCUnits: '[7]Block C - Data'!$H$50
Name BlockDBath: '[7]Block D - Data'!$H$60
Name BlockDEns: '[7]Block D - Data'!$H$61
Name BlockDGIA: '[7]Block D - Data'!$E$35

Sheet Front

Sheet Information Used
B6: Information Used & Assumptions
B8: 1 | C8: Information Used
C9: Design drawings provided;
C10: Flat type f1 proposed ground floor plan
C11: Flat type f1 proposed first floor plan
C12: Flat type f1 proposed elevations
C13: Flat type f1 proposed roof plan
C15: Information listed in bottom right of drawings
C16: Query sheet 1
C17: Query sheet 2
B19: 2 | C19: General Assumptions;
C21: Assumed the finish is mid to high spec
C22: Assumed fire doors are needed to be in place at top of stairs so have included 2 extra doors for this
C23: Assumed wetrooms & bathrooms tiled on all 4 walls to ceiling height
C24: Assumed medium standard kitchen units
C25: Assumed all flooring in place covers complete floor areas
C26: Costs are based on all the information provided
C27: All costs are based on Q4 2021
C28: Assumed frame is brickwork & blockwork
C29: Assumed site is clear with no obstructions
C30: Assumed traditional procurement method
C31: Assumed 15% main contractor preliminaries
B33: 3 | C33: General Notes and Exclusions;
C35: VAT excluded
C36: All prices are taken from highest point in range provided in SPONS
C37: All costs are subject to variation as design devlopes
C38: Local authority fees
C39: Building regulation fees
C40: Future inflation beyond Q4 2021

Sheet Summary Original
B2: Project details: | D2: Flat type F1 - SA1 Swansea Marina
B5: Description: | D5: Block of 4 flats 2 ground floor & 2 first floor in the area of SA1 Swansea Marina starting in the fourth quarter of 2021 and taking approximately 6 months to complete.
B7: Building Works Estimate
B9: Based on GIA of: | D9: 219.4 | G9: 219.4
C11: Group Element | D11: Element Type | E11: Total | F11: £/m2
C13: Group element 0 | D13: Facilitating works | E13: 0 | F13: =E13/G9 -> 0
C14: Group element 1 | D14: Substructure | E14: ='NRM1 CP template '!K30 -> 74640 | F14: =E14/G9 -> 340.20055
C15: Group element 2 | D15: Superstructure | E15: ='NRM1 CP template '!K263 -> 171831 | F15: =E15/G9 -> 783.18596 | G15: =SUM(F12:F20) -> 1713.407
C16: Group element 3 | D16: Internal finishes | E16: ='NRM1 CP template '!K602 -> 46657.5 | F16: =E16/G9 -> 212.65953
C17: Group element 4 | D17: Fittings, furnishings & equipment | E17: ='NRM1 CP template '!K644 -> 13193 | F17: =E17/G9 -> 60.132179
C18: Group element 5 | D18: Services | E18: ='NRM1 CP template '!K690 -> 54600 | F18: =E18/G9 -> 248.86053
C19: Group element 8 | D19: External works | E19: ='NRM1 CP template '!K696 -> 15000 | F19: =E19/G9 -> 68.368277
B22: Works cost estimate (sub total A) | E22: =SUM(E12:E21) -> 375921.5 | F22: =E22/219.4 -> 1713.407
C24: Spons TPI = 124
C25: 4Q2021 TPI = 125.3
C26: =125.3/124 -> 1.0104839
C27: Wales location factor = 0.85
C28: 0.85 | E28: =E22*C26*C28 -> 322883.22
C30: Group element 9 | D30: Main contractor preliminaries 15% | E30: =E28*15% -> 48432.483
B33: Project design team fees and other development costs (sub total B)
E34: 0
B36: Base cost estimate A + B (sub total C) | E36: =SUM(E28, E30,E34) -> 371315.7 | F36: =E36/G9 -> 1692.4143
C38: Group element 13
C40: Design Contingency 5% | D40: Risk allowance @ % | E40: =E36*5% -> 18565.785 | F40: =E40/G9 -> 84.620716
C41: Construction Risk 2.5% | D41: Risk allowance @ % | E41: =E36*2.5% -> 9282.8926 | F41: =E41/G9 -> 42.310358
C42: Employers Change Risk 2.5% | D42: Risk allowance @ % | E42: =E36*2.5% -> 9282.8926 | F42: =E42/G9 -> 42.310358
C43: Other Mis. Risk | D43: Risk allowance @ % | E43: =E36*0% -> 0 | F43: =E43/G9 -> 0
B45: Total Risk allowances (sub total D) | E45: =SUM(E40:E44) -> 37131.57 | F45: =E45/G9 -> 169.24143
B47: Total Construction Cost (C + D) | E47: =E36+E45 -> 408447.27 | F47: =E47/G9 -> 1861.6558

Sheet NRM1 CP template 
A2: Cost Plan for XXXXXXX
A4: Elemental Cost Plan
C8: Elements in red are NRM1 Phraseologies
A10: Ref. | C10: Element | D10: Timesing | E10: Quantity | G10: Unit | I10: Rate | J10: Sub-Total | K10: Group-Total | L10: Notes
A11: 1 | C11: SUBSTRUCTURE | I11: £ | J11: £ | K11: £
A12: 1.1 | C12: Foundations | L12: 7.44 x 14.45 =107.28
E13: 7.44 | L13: 2.95 x 1.64 = 4.84
E14: 14.45 | F14: =E13*E14 -> 107.508 | L14: 107.28 x 2 = 214.56
L15: 214.56 + 4.84 = 219.40
E16: 2.95 | L16: GIFA = 219.40
E17: 1.64 | F17: =E16*E17 -> 4.838
F19: =SUM(F14,F17) -> 112.346
C20: Excavate trench 600mm wide, partial backfill, partial disposal, earthwork support
C21: (risk item), compact base of trench, plain in situ concrete 20.00 N/mm² – 20mm
C22: aggregate (1:2:4), 250mm thick, 3 courses of common brick up to DPC level,
C23: cavity brickwork/blockwork in cement mortar (1:3), pitch polymer damp-proof
C24: (Spon’s Architects’ And Builders’ Price Book 2021., 2020)
C25: course machine excavation With 3 courses of common brick outer skin up to DPC level 600mm× 1500mm deep | F25: 112 | G25: m2 | I25: 220 | J25: =I25*F25 -> 24640 | L25: Page 183 Spons
C26: (Spon’s Architects’ And Builders’ Price Book 2021., 2020)
C28: Provisional sum for abnormal ground conditions | J28: 50000
K30: =SUM(J25,J28) -> 74640
A32: 2 | C32: SUPERSTRUCTURE
A34: 2.2 | C34: Upper floors
E35: 7.44 | G35: First Floor Area
E36: 14.45 | F36: =E35*E36 -> 107.508
C38: Softwood floors
C39: Joisted floor; plasterboard ceiling; skim; emulsion; t&g chipboard, sheet vinyl
C40: flooring and painted softwood skirtings | F40: 108 | G40: m2 | I40: 87 | J40: =I40*F40 -> 9396 | L40: Page 189 Spons
C41: (Spon’s Architects’ And Builders’ Price Book 2021., 2020)
A43: 2.3 | C43: Roof
E44: 8.82 | G44: Main roof
E45: 15.78 | F45: =E44*E45 -> 139.1796
E47: 1.53 | G47: Porch roof
E48: 3.86 | F48: =E47*E48 -> 5.9058
F50: =SUM(F45,F48) -> 145.0854
C52: Timber roof trusses; insulation; roof coverings; PVC rainwater goods;
C53: plasterboard; skim and emulsion to ceilings (U-value = 0.25W/m2 K); roof plan
C54: area: Natural Welsh slate coverings | F54: 145 | G54: m2 | I54: 305 | J54: =I54*F54 -> 44225 | L54: Page 190 Spons
C55: (Spon’s Architects’ And Builders’ Price Book 2021., 2020)
A59: 2.4 | C59: Stairs and ramps
C61: Staircase; terrazzo finish; mild steel balustrades and handrails; plastered soffit; | F61: 2 | G61: nr | I61: 12000 | J61: =I61*F61 -> 24000
C62: balustrades and staircase soffit decorated
C63: (Spon’s Architects’ And Builders’ Price Book 2021., 2020)
A65: 2.5 | C65: External walls
E66: 2.49 | G66: Height of brickwork on flats | L66: Perimeter calc
E67: 43.78 | F67: =E66*E67 -> 109.0122 | L67: 7.44
E68: 2.16 | G68: Height of brickwork on porch | L68: 7.44
E69: 9.18 | F69: =E68*E69 -> 19.8288 | L69: 14.45
L70: 14.45
C71: 2 | D71: 0.5 | E71: 1.38 | G71: Porch gable end | L71: =SUM(L70,L69,L68,L67) -> 43.78
E72: 2 | F72: =E72*E71*D71*C71 -> 2.76
L73: Perimeter calc
F74: =SUM(F72,F69,F67) -> 131.601 | L74: 2.95
G75: GF Windows | L75: 2.95
D76: 2 | E76: 1.81 | L76: 1.64
E77: 1.1 | F77: =E77*E76*D76 -> 3.982 | G77: Back right | L77: 1.64
L78: =SUM(L77,L76,L75,L74,) -> 9.18
D79: 2 | E79: 1.81
E80: 1.34 | F80: =E80*E79*D79 -> 4.8508 | G80: Back left
D82: 2 | E82: 0.46
E83: 0.71 | F83: =E83*E82*D82 -> 0.6532 | G83: Front right
D85: 2 | E85: 1.36
E86: 1.08 | F86: =E86*E85*D85 -> 2.9376 | G86: Front left
F88: =SUM(F86,F83,F80,F77) -> 12.4236 | G88: DEDUCT window openings
E90: 131.6
E91: 12.42 | F91: =E90-E91 -> 119.18
E93: 3.56
E94: 1.32 | F94: =E93*E94 -> 4.6992 | G94: Add brickwork on face of FF
E96: 4.7
E97: 119.18 | F97: =SUM(E97,E96) -> 123.88
C99: Cavity wall; facing brick outer skin; insulation; with plaster on standard weight block inner skin; emulsion (U-value = 0.30W/m2 K) | F99: 124 | G99: m2 | I99: 165 | J99: =I99*F99 -> 20460 | L99: Page 196 Spons
C100: (Spon’s Architects’ And Builders’ Price Book 2021., 2020)
E102: 3 | G102: Height of render on house
E103: 43.78 | F103: =E102*E103 -> 131.34
C104: 2 | D104: 0.5 | E104: 3.1 | G104: Height of render on gable
E105: 8.2 | F105: =E105*E104*D104*C104 -> 25.42
C106: 2 | D106: 0.5 | E106: 2.09
E107: 0.79 | F107: =E107*E106*D106*C106 -> 1.6511 | G107: Render above FF windows
F109: =SUM(F107,F105,F103) -> 158.4111
G110: FF Windows
D111: 2 | E111: 1.81
E112: 1.1 | F112: =E111*E112*D111 -> 3.982 | G112: Front left
D114: 2 | E114: 1.81
E115: 1.34 | F115: =E115*E114*D114 -> 4.8508 | G115: Back left
D117: 2 | E117: 0.75
E118: 1.1 | F118: =E118*E117*D117 -> 1.65 | G118: Front right
D120: 2 | E120: 1.81
E121: 1.09 | F121: =E121*E120*D120 -> 3.9458 | G121: Back right
F123: =SUM(F121,F118,F115,F112) -> 14.4286 | G123: DEDUCT Window openings
E125: 158.41
E126: 14.43 | F126: =E125-E126 -> 143.98
E128: 3.56
E129: 1.32 | F129: =E128*E129 -> 4.6992 | G129: DEDUCT brickwork on FF
E131: 143.98
E132: 4.7 | F132: =E131-E132 -> 139.28
C134: Cavity wall; rendered block outer skin; insulation; with plaster on standard weight
C135: block inner skin; emulsion (U-value = 0.30W/m2 K)
C136: block outer skin; insulation; lightweight block inner skin outer block rendered | F136: 139 | G136: m2 | I136: 200 | J136: =I136*F136 -> 27800 | L136: Page 196 Spons
C137: (Spon’s Architects’ And Builders’ Price Book 2021., 2020)
A139: 2.6 | C139: Windows and external doors | G139: GF Windows
...

Sheet Query Sheet 1
A2: Student name: | C2: Luke Hart
A4: Return email: | C4: 1807673@student.uwtsd.ac.uk
C8: Y Fforwm Building - Cost Plan
G11: Query Sheet Nr. | I11: 1
G13: Date : | I13: 44246
A15: QUERY | F15: Answer
A20: Location? | G20: SA1 - Swansea Marina
A21: Site conditions? | G21: The site has a high water table. Please include a Provisional sum of £50,000.00 to deal with all abnormal ground conditions
A22: Desired finish quality? | G22: Please state your assumed finished- appropriate for open sales.
A23: Start date? | G23: 4Q21
A24: Finish date? | G24: 6 months
A25: Mechanical requirements? | G25: please include a provisional sum of £6000.00 to cover all of the mechanical installation (in each flat)
A26: Electrical requirements? | G26: please include a provisional sum of £3000.00 to cover all of the electrical installation (in each flat)
A27: What is your budget? | G27: No issues.
A28: Are there any restrictions for planning? | G28: No restrictions
A29: Is there car parking? Where? | G29: Please include a provisional sum of £15,000.00 for the provision of car parking and all external works
A30: Any other limitations? | G30: Please include a provisional sum of £10,000.00 for the provision all services diversion (existing gas pipe)

Sheet Query Sheet 2
A3: Student name: | C3: Luke Hart
A5: Return email: | C5: 1807673@student.uwtsd.ac.uk
C9: Y Fforwm Building - Cost Plan
G12: Query Sheet Nr. | I12: 2
G14: Date : | I14: 44273
A16: QUERY | F16: Answer
A22: What is the desired procurement method and strategy? | G22: Please assume a traditional method of procurement
A24: Are there any appointed designers? | G24: There is no further design information available at this stage
A26: What is the frame of the building? | G26: No frame needed; traditional brick and block cavity wall construction.
A28: Is there anything currently on the specified site? | G28: Please assume that the site is cleared with no obstructions
A30: Any necessary facilitating works? | G30: Please assume that the site is cleared with no obstructions

Sheet Reference list
A1: Reference List
A3: Class slides on Microsoft Teams 2021. [Accessed 3 March 2021]
A5: Elemental Standard Form of Cost Analysis Principles, Instructions, Elements and Definitions 4th (NRM) Edition. (n.d.). [online] .
A6: Available at: https://www.rics.org/globalassets/rics-website/media/products/data-products/bcis-construction/bcis-elemental-standard-form-cost-analysis-4th-nrm-edition-2012.pdf. [Accessed 23 February 2021]
A8: Institution, R. (2012). RICS new rules of measurement. NRM 1, Order of cost estimating and elemental cost planning for capital building works. Coventry: RICS.
A9: [Accessed 23 February 2021]
A11: Methods, admin in E. (2017). Elemental Method of Estimating – Advantages and Disadvantages [Building Construction]. [online]
A12: Estimation QS. Available at: https://estimationqs.com/elemental-method-of-estimating-advantages-and-disadvantages-building-construction/. [Accessed 13 March]
A14: RICS new rules of measurement Order of cost estimating and cost planning for capital building works. (n.d.). [online] .
A15: Available at: https://www.rics.org/globalassets/rics-website/media/upholding-professional-standards/sector-standards/construction/nrm-1-order-of-cost-estimating-and-cost-planning-2nd-edition-rics.pdf. [Accessed 23 March 2021]
A17: Spon’s Architects’ And Builders’ Price Book 2021. (2020). S.L.: Crc Press. [Accessed 23 February 2021]
A19: www.designingbuildings.co.uk. (n.d.). Elemental cost plan for design and construction. [online] Available at:
A20: https://www.designingbuildings.co.uk/wiki/Elemental_cost_plan_for_design_and_construction#:~:text=The%20elemental%20cost%20plan%20is%20a%20detailed%20cost [Accessed 28 Mar. 2021].
